 Dungeon Crawl Stone Soup version 0.20.1-1-g8b1a95d (webtiles) character file.

188969 Gargoyl the Severer (level 17, -6/135 HPs)
             Began as a Minotaur Abyssal Knight on Sept 23, 2017.
             Was an Elder of Lugonu.
             Killed from afar by a deep elf annihilator (43 damage)
             ... with a bolt of lightning
             ... on level 3 of the Elven Halls.
             The game lasted 01:34:05 (41728 turns).

Gargoyl the Severer (Minotaur Abyssal Knight)      Turns: 41728, Time: 01:34:06

Health: -6/135     AC: 30    Str: 25    XL:     17   Next: 93%
Magic:  7/27       EV:  9    Int:  5    God:    Lugonu [****..]
Gold:   2709       SH: 34    Dex: 16    Spells: 16/16 levels left

rFire    + . .     SeeInvis +   t - +2 broad axe (elec)
rCold    + + .     Gourm    .   w - +8 large shield of Tanaujez {*Slow rC+ rN++ Str+4}
rNeg     + + .     Faith    .   h - +3 plate armour {rC+}
rPois    +         Spirit   .   L - +2 hat {MR+}
rElec    .         Reflect  .   I - +2 cloak {rF+}
rCorr    .         Harm     .   P - +2 pair of gloves {Dex+3}
MR       +++..                  (no boots)
Stlth    ..........             (no amulet)
Regen    0.4/turn               u - ring of poison resistance
MPRegen  0.2/turn               V - ring of protection from magic

@: berserk cooldown, hasted and slowed
A: retaliatory headbutt, fangs 1, horns 2, large bone plates 1, see invisible,
dopey 2, frail 1, wild magic 1
a: Depart the Abyss, Bend Space, Banish, Corrupt, Renounce Religion


You were on level 3 of the Elven Halls.
You worshipped Lugonu.
Lugonu was greatly pleased with you.
You were near starving.

You visited 4 branches of the dungeon, and saw 26 of its levels.
You visited the Abyss 2 times.
You also visited: Labyrinth and Volcano.

You collected 3192 gold pieces.
You spent 483 gold pieces at shops.

Inventory:

Hand Weapons
 e - a +2 hand axe of flaming
 t - a +2 broad axe of electrocution (weapon)
 T - a +0 broad axe of draining
Missiles
 v - 7 javelins (quivered)
Armour
 h - a +3 plate armour of cold resistance (worn)
 w - the +8 large shield of Tanaujez (worn) {*Slow rC+ rN++ Str+4}
   (You found it on level 8 of the Dungeon)

   It affects your strength (+4).
   It protects you from cold.
   It greatly protects you from negative energy.
   It may slow you when you take damage.
 I - a +2 cloak of fire resistance (worn)
 L - a +2 hat of magic resistance (worn)
 P - a +2 pair of gloves of dexterity (worn)
Jewellery
 u - a ring of poison resistance (left hand)
 A - an uncursed ring of see invisible
 V - a ring of protection from magic (right hand)
Wands
 a - a wand of polymorph (6/24)
 c - a wand of lightning (8/15)
 d - a wand of digging (8/24)
 x - a wand of polymorph (15/24)
Scrolls
 b - 2 scrolls of amnesia
 i - 4 scrolls of remove curse
 o - a scroll of enchant weapon
 p - 8 scrolls of magic mapping
 q - 10 scrolls of identify
 r - 5 scrolls of teleportation
 F - 2 scrolls of fog
 K - 5 scrolls of recharging
 R - 5 scrolls of fear
Potions
 g - 3 potions of ambrosia
 l - a potion of cancellation
 n - 3 potions of flight
 s - 9 potions of curing
 C - a potion of brilliance
 U - a potion of magic
Comestibles
 f - 2 bread rations
 j - 18 royal jellies
 k - 7 meat rations
 m - 20 fruits


   Skills:
 + Level 13.6 Fighting
 + Level 18.2 Axes
 + Level 2.5 Throwing
 * Level 17.1 Armour
 + Level 4.3 Dodging
 + Level 18.1 Shields
 * Level 14.7 Invocations


You had 16 spell levels left.
You didn't know any spells.

Dungeon Overview and Level Annotations

Branches:
Dungeon (15/15)            Temple (0/1) D:4            Lair (6/6) D:8
 Shoals (0/4) Lair:3        Snake (0/4) Lair:4        Slime (0/5) Lair:6
    Orc (2/2) D:11            Elf (3/3) Orc:2        Vaults (0/5) D:13
 Depths (0/5) D:15

Altars:
Cheibriados
Elyvilon
Fedhas
Nemelex Xobeh
Ru
Sif Muna
Trog
Xom
Zin
Jiyva

Shops:
Orc:2 *(*:!

Portals:
Pandemonium: Orc:2

Annotations:
D:13 Frances
Elf:3 Tinttamiau's ghost, master MiFi
Abyss:1 Nikola


Innate Abilities, Weirdness & Mutations

You reflexively headbutt those who attack you in melee.
You have a pair of horns on your head.
You have very sharp teeth.
You are partially covered in large bone plates. (SH +4)
You have supernaturally acute eyesight. (SInv)
You are very dopey. (Int -4)
You are frail. (-10% HP)
Your spells are a little harder to cast, but a little more powerful.


Message History

Tinttamiau's ghost barely misses you. You furiously retaliate!
You headbutt Tinttamiau's ghost, but do no damage.
As you read the scroll of teleportation, it crumbles to dust.
You feel strangely unstable. Tinttamiau's ghost hits you!!
You are electrocuted!
* * * LOW HITPOINT WARNING * * *
Tinttamiau's ghost whispers, "Trust me.
Just give in."
There is an open door here.
Your surroundings suddenly seem different.
A deep elf annihilator comes into view.
It is wielding a dazzling lajatang {vamp}.
The deep elf annihilator shouts!
An earth elemental comes into view.
Press: ? - help, Shift-Dir - straight line, f - deep elf annihilator
Aim: a deep elf annihilator, wielding a dazzling lajatang {vamp}, wearing a ring mail and wearing a dented citrine amulet (chance to defeat MR: 15%)
The deep elf annihilator resists with almost no effort.
You are near starving!
You can no longer gate yourself to the Abyss.
The deep elf annihilator points at you and mumbles some strange words.
The bolt of lightning hits you!
You die...

#
#...........#....##
#
#........)..##)###
'.+...........##)#
###...........##.#
# #...........##)#
# ##.........###.#
# ##.......####'##
## ##.....## #(..#
.## ###'### ##.@.##
#.## #.# #.....#
##.## #.# ##...##
##.####'######...#
##.##.....##E#e##
##'.......'##.#
##)........##.#
####...........#.#
...'...........#.#


You could see a deep elf annihilator and an earth elemental.

Vanquished Creatures
  The ghost of Azo the Warrior, a veteran MiWr of Okawaru (Elf:3)
  A deep elf master archer (Elf:3)
  2 deep elf blademasters
  Gastronok (Lair:2)
  The ghost of Berahthraban the Nimble, an adept HuIE of Sif Muna (Elf:2)
  Donald (Elf:1)
  2 deep elf sorcerers (Elf:3)
  7 deep elf elementalists
  Louise (Elf:1)
  A deep elf demonologist (Elf:1)
  2 deep elf annihilators (Elf:3)
  3 deep elf death magi
  A minotaur (Lab)
  A yaktaur captain (D:13)
  Harold (Lair:2)
  2 deep elf high priests (Elf:3)
  A great orb of eyes (shapeshifter) (D:15)
  4 centaur warriors
  2 two-headed ogres
  Erica (D:8)
  28 dancing weapons
  2 death yaks (D:7)
  8 orc high priests
  2 tengu warriors (D:14)
  21 deep elf knights
  A small abomination (Elf:3)
  7 skeletal warriors
  A glowing orange brain (D:15)
  2 infernal demonspawn (Orc:2)
  3 unseen horrors
  2 torturous demonspawn (Orc:2)
  Pikel (D:4)
  10 deep elf archers
  7 orc sorcerers (Orc:2)
  7 ugly things
  4 orc knights (Orc:2)
  6 cyclopes
  A shining eye (shapeshifter) (D:15)
  59 deep elf magi
  4 manticores
  2 toenail golems (Volcano)
  9 elephants
  An elephant (shapeshifter) (D:15)
  2 rust devils (Orc:2)
  2 molten gargoyles (Volcano)
  Psyche (D:8)
  7 gargoyles
  4 black mambas
  A torpor snail (Lair:3)
  30 spiny frogs
  4 rime drakes
  A yaktaur (D:13)
  4 efreet
  2 hellwings
  An ice devil (Orc:2)
  5 komodo dragons
  10 trolls
  A queen bee (D:8)
  A polar bear (D:10)
  A minotaur skeleton (Lab)
  3 tyrant leeches (Lair:6)
  A hornet (D:13)
  A meliai zombie (D:11)
  11 slime creatures
  3 dream sheep (Lair:3)
  25 blink frogs
  13 hippogriffs
  3 snapping turtles (D:12)
  2 redbacks (Lab)
  5 air elementals
  63 yaks
  5 water elementals
  A wraith (D:15)
  3 shadows
  A vampire (D:12)
  7 wyverns
  A chaos spawn (Orc:2)
  7 fire elementals
  4 hungry ghosts
  Grum (D:10)
  3 basilisks
  10 vampire mosquitoes
  2 hogs (D:10)
  2 wargs
  The ghost of letownia the Insei, an amateur OpTm (D:6)
  2 soldier ants
  3 nagas (Lair:4)
  A large abomination (Abyss:1)
  9 water moccasins
  5 porcupines
  5 ice beasts
  4 phantoms
  36 orc warriors
  11 black bears
  5 sky beasts
  2 necrophages
  18 centaurs
  6 ogres
  11 wolves
  14 crocodiles
  A big kobold (D:10)
  The ghost of mike239x the Gusty, an amateur TeAE (D:3)
  A wyvern zombie (D:13)
  4 earth elementals
  25 bullfrogs
  6 scorpions
  18 killer bees
  4 howler monkeys
  8 electric eels
  4 wights (D:7)
  7 crimson imps
  A quasit (D:7)
  8 hounds
  3 centaur zombies
  4 jellies
  30 orc priests
  5 centaur skeletons
  A bullfrog skeleton (D:12)
  22 orc wizards
  2 iguanas
  10 worker ants
  A hell rat (D:8)
  3 hound skeletons
  7 adders
  11 gnolls
  A howler monkey skeleton (D:7)
  3 shadow imps
  An ufetubus (Abyss:2)
  An adder skeleton (D:7)
  5 worms
  A dart slug (D:1)
  6 leopard geckos
  75 orcs
  13 bats
  6 giant cockroaches
  12 goblins
  7 hobgoblins
  24 jackals
  12 kobolds
  4 quokkas
  2 ball pythons
  7 frilled lizards
  A jackal zombie (D:8)
  7 rats
  A bush (D:12)
  3 crawling corpses (Elf:3)
  A fire vortex (Volcano)
  2 fungi
  A plant (D:7)
994 creatures vanquished.

Vanquished Creatures (others)
  A deep elf high priest (Elf:1)
  4 hydras
  2 lindwurms (Volcano)
  3 deep elf magi
  2 tyrant leeches
  A snapping turtle (D:12)
  2 slaves (D:4)
  2 centaurs (D:12)
  5 electric eels (D:12)
  A centaur skeleton (D:4)
  An orc wizard (D:11)
  A worker ant (D:11)
  4 orcs (D:11)
  A bat (D:12)
  18 fungi
  62 plants
110 creatures vanquished.

Grand Total: 1104 creatures vanquished

Notes
Turn   | Place    | Note
-------+----------+-------------------------------------------
     0 | Abyss:1  | Gargoyl the Minotaur Abyssal Knight began the quest for the Orb.
     0 | Abyss:1  | Reached XP level 1. HP: 19/19 MP: 1/1
    92 | Abyss:2  | Noticed a wretched star
    93 | D:1      | Escaped the Abyss
   312 | D:1      | Reached XP level 2. HP: 27/27 MP: 2/2
   478 | D:1      | Reached * piety under Lugonu
   568 | D:1      | Reached XP level 3. HP: 34/34 MP: 3/3
  1284 | D:2      | Found a white marble altar of Elyvilon.
  1288 | D:2      | Found a glowing silver altar of Zin.
  1293 | D:2      | Found a snail-covered altar of Cheibriados.
  1465 | D:2      | Found a sparkling altar of Nemelex Xobeh.
  1529 | D:2      | Reached XP level 4. HP: 38/41 MP: 4/4
  1554 | D:2      | Reached ** piety under Lugonu
  1935 | D:3      | Noticed mike239x's ghost (amateur TeAE)
  1945 | D:3      | Killed mike239x's ghost
  1945 | D:3      | Reached XP level 5. HP: 40/47 MP: 6/6
  2401 | D:3      | Reached *** piety under Lugonu
  2406 | D:3      | Reached skill level 5 in Fighting
  2406 | D:3      | Reached XP level 6. HP: 24/56 MP: 7/7
  2894 | D:4      | Found a staircase to the Ecumenical Temple.
  2982 | D:4      | Noticed Pikel
  2982 | D:4      | Noticed a slave
  2983 | D:4      | Noticed a slave
  3001 | D:4      | Noticed a slave
  3009 | D:4      | Noticed a slave
  3016 | D:4      | Gained mutation: You have large cloven feet. [potion of mutation]
  3016 | D:4      | Gained mutation: You are clumsy. (Dex -2) [potion of mutation]
  3016 | D:4      | Gained mutation: You can translocate small distances at will. [potion of mutation]
  3016 | D:4      | Lost mutation: You are clumsy. (Dex -2) [potion of mutation]
  3021 | D:4      | Killed Pikel
  3021 | D:4      | Reached skill level 5 in Axes
  3021 | D:4      | Reached XP level 7. HP: 5/61 MP: 8/8
  3026 | D:4      | Lost mutation: You have large cloven feet. [potion of mutation]
  3026 | D:4      | Lost mutation: You can translocate small distances at will. [potion of mutation]
  3026 | D:4      | Gained mutation: Your spells are a little harder to cast, but a little more powerful. [potion of mutation]
  3026 | D:4      | Gained mutation: You have supernaturally acute eyesight. (SInv) [potion of mutation]
  3026 | D:4      | Gained mutation: You are agile. (Dex +2) [potion of mutation]
  3620 | D:5      | Entered Level 5 of the Dungeon
  3951 | D:5      | Reached XP level 8. HP: 69/69 MP: 10/10
  4289 | D:5      | Gained mutation: You are dopey. (Int -2) [mutagenic meat]
  4308 | D:5      | Found a bloodstained altar of Trog.
  4310 | D:5      | Found a sacrificial altar of Ru.
  5683 | D:5      | Reached skill level 5 in Invocations
  5999 | D:6      | Noticed letownia's ghost (amateur OpTm)
  6007 | D:6      | Killed letownia's ghost
  6165 | D:6      | Reached skill level 1 in Throwing
  6165 | D:6      | Reached XP level 9. HP: 70/75 MP: 11/11
  6695 | D:6      | Gained mutation: You have very sharp teeth. [mutagenic meat]
  6697 | D:6      | Gained mutation: You are partially covered in large bone plates. (SH +4) [mutagenic meat]
  6698 | D:6      | Gained mutation: You are very dopey. (Int -4) [mutagenic meat]
  7046 | D:6      | Reached **** piety under Lugonu
  7663 | D:7      | Reached skill level 10 in Armour
  7779 | D:7      | Found a deep blue altar of Sif Muna.
  8181 | D:7      | Reached skill level 1 in Shields
  8484 | D:7      | Reached XP level 10. HP: 62/84 MP: 13/13
  8941 | D:8      | Got a polished large shield
  8952 | D:8      | Identified the +8 large shield of Tanaujez {*Slow rC+ rN++ Str+4} (You found it on level 8 of the Dungeon)
  8969 | D:8      | Noticed a death yak
  8970 | D:8      | Noticed a death yak
  8970 | D:8      | Noticed a death yak
  9346 | D:7      | Killed a death yak
  9486 | D:7      | Killed a death yak
  9699 | D:8      | Noticed Psyche
  9895 | D:8      | Banished a death yak
  9895 | D:8      | Reached skill level 10 in Axes
  9895 | D:8      | Reached skill level 5 in Shields
 10038 | D:8      | Killed Psyche
 10358 | D:8      | Noticed Erica
 10380 | D:8      | Killed Erica
 10517 | D:8      | Reached XP level 11. HP: 44/92 MP: 15/15
 10833 | D:8      | Found a staircase to the Lair.
 11105 | Lair:1   | Entered Level 1 of the Lair of Beasts
 12161 | Lair:2   | Noticed Gastronok
 12190 | Lair:2   | Killed Gastronok
 12726 | Lair:2   | Noticed Harold
 12745 | Lair:2   | Killed Harold
 13648 | Lair:3   | Found a staircase to the Shoals.
 13741 | Lair:3   | Reached XP level 12. HP: 91/101 MP: 17/17
 14487 | Lair:4   | Found a staircase to the Snake Pit.
 14508 | Lair:4   | Reached ***** piety under Lugonu
 15325 | Lair:5   | Reached skill level 10 in Shields
 15560 | Lair:5   | Identified a scroll of acquirement
 16065 | Lair:6   | Entered Level 6 of the Lair of Beasts
 16068 | Lair:6   | Noticed a five-headed hydra
 16094 | Lair:5   | Banished a five-headed hydra
 16659 | Lair:6   | Escaped the Abyss
 17041 | Lair:6   | Reached XP level 13. HP: 113/113 MP: 19/19
 17306 | Lair:6   | Reached skill level 10 in Fighting
 17308 | Lair:6   | Found a staircase to the Slime Pits.
 17309 | Lair:6   | Found a viscous altar of Jiyva.
 17505 | Lair:6   | Reached skill level 10 in Invocations
 19768 | D:9      | Reached XP level 14. HP: 118/122 MP: 21/21
 19953 | D:9      | Found a shimmering altar of Xom.
 19953 | D:9      | Found a shimmering altar of Xom.
 19954 | D:9      | Found a shimmering altar of Xom.
 20432 | D:10     | Entered Level 10 of the Dungeon
 20452 | D:10     | Found a huge runed gate.
 20453 | D:10     | Found a huge runed gate.
 20454 | D:10     | Found a huge runed gate.
 20455 | D:10     | Found a huge runed gate.
 20650 | D:10     | Noticed Grum
 20668 | D:10     | Killed Grum
 20856 | D:10     | Found a snail-covered altar of Cheibriados.
 21489 | D:11     | You fall through a shaft for 3 floors!
 21918 | D:12     | Found a labyrinth entrance.
 21927 | Lab      | Entered a labyrinth
 23351 | Lab      | Got a pair of pitted gloves
 23364 | D:12     | Identified the cursed +0 pair of gloves of Beogh's Supremacy {*Contam rCorr Int+2} (You found it in a labyrinth)
 23399 | D:12     | Found a bloodstained altar of Trog.
 23596 | D:11     | Found a staircase to the Orcish Mines.
 23602 | D:11     | Reached ****** piety under Lugonu
 24248 | D:12     | Found a blossoming altar of Fedhas.
 24401 | D:12     | HP: 5/124 [red ugly thing (16)]
 25802 | D:13     | Found a shimmering altar of Xom.
 25963 | D:13     | Noticed Frances
 26720 | D:14     | Reached skill level 15 in Axes
 26809 | D:14     | Reached XP level 15. HP: 118/130 MP: 22/22
 27623 | D:15     | Entered Level 15 of the Dungeon
 27712 | D:15     | Reached skill level 15 in Shields
 27895 | D:15     | Reached skill level 15 in Armour
 28185 | D:15     | Lost mutation: You are agile. (Dex +2) [a shining eye]
 28186 | D:15     | Gained mutation: You are frail. (-10% HP) [a shining eye]
 28608 | D:15     | Found a staircase to the Depths.
 28875 | D:13     | Found a gate to the Vaults.
 29445 | Orc:1    | Entered Level 1 of the Orcish Mines
 29582 | Orc:2    | Entered Level 2 of the Orcish Mines
 29587 | Orc:2    | Found a dark tunnel.
 29597 | Volcano  | Entered a volcano
 30625 | Orc:2    | Found Ylumanon's Distillery.
 30626 | Orc:2    | Found Bots's General Store.
 31927 | Orc:2    | Found Zubuil's Assorted Antiques.
 32074 | Orc:2    | Bought a potion of curing for 69 gold pieces
 32074 | Orc:2    | Bought a potion of heal wounds for 115 gold pieces
 32147 | Orc:2    | Bought a potion of heal wounds for 65 gold pieces
 32149 | Orc:2    | Bought a potion of heal wounds for 65 gold pieces
 32149 | Orc:2    | Bought a potion of heal wounds for 65 gold pieces
 32149 | Orc:2    | Bought a potion of heal wounds for 65 gold pieces
 32149 | Orc:2    | Bought a potion of curing for 39 gold pieces
 32703 | Orc:2    | Found a staircase to the Elven Halls.
 32885 | Orc:2    | Reached XP level 16. HP: 44/125 MP: 24/24
 33225 | Orc:2    | Found Pucaod's Antique Weapon Shop.
 33225 | Orc:2    | Found Kumourr's Book Boutique.
 33225 | Orc:2    | Found a one-way gate leading to the halls of Pandemonium.
 33448 | Elf:1    | Entered Level 1 of the Elven Halls
 34029 | Elf:1    | Noticed Louise
 34056 | Elf:1    | Killed Louise
 34817 | Elf:1    | Noticed a Hell Sentinel
 34954 | Elf:1    | Noticed Donald
 34965 | Elf:1    | Killed Donald
 35652 | Elf:1    | Noticed Nikola
 35659 | Elf:1    | Banished Nikola
 36096 | Elf:2    | Noticed Berahthraban's ghost (adept HuIE)
 36188 | Elf:2    | Killed Berahthraban's ghost
 36918 | Elf:2    | Found a runed gate.
 36919 | Elf:2    | Found a runed gate.
 36922 | Elf:2    | Found a runed gate.
 37271 | Elf:2    | Noticed a deep elf blademaster
 37332 | Elf:1    | Killed a deep elf blademaster
 37332 | Elf:1    | Reached XP level 17. HP: 122/133 MP: 26/26
 38190 | Elf:3    | Entered Level 3 of the Elven Halls
 39060 | Elf:3    | Noticed Tinttamiau's ghost (master MiFi)
 39065 | Elf:3    | Noticed Azo's ghost (veteran MiWr)
 39409 | Elf:3    | Noticed a deep elf blademaster
 39431 | Elf:3    | Killed a deep elf blademaster
 39493 | Elf:3    | Noticed a deep elf master archer
 39513 | Elf:3    | Killed a deep elf master archer
 39810 | Elf:3    | Noticed a deep elf master archer
 40975 | Elf:3    | Killed Azo's ghost
 41728 | Elf:3    | Killed from afar by a deep elf annihilator

Skill      XL: |  1  2  3  4  5  6  7  8  9 10 11 12 13 14 15 16 17 |
---------------+----------------------------------------------------+-----
Fighting       | 4 5 6 7 8 9 10 11 12 13 | 13.6
Invocations    | 2 3 4 5 6 7 8 9 10 11 12 13 14 | 14.7
Armour         | 3 4 6 8 10 11 12 13 14 15 16 17 | 17.1
Axes           | 3 4 5 6 7 9 10 11 12 13 15 16 17 18 | 18.2
Dodging        | 2 3 4 |  4.3
Throwing       | 1 2 |  2.5
Shields        | 1 6 9 11 13 14 15 17 18 | 18.1

Action                   |  1- 3 |  4- 6 |  7- 9 | 10-12 | 13-15 | 16-18 || total
-------------------------+-------+-------+-------+-------+-------+-------++-------
Melee: Hand axe          |   110 |   116 |   430 |   842 |   624 |       ||  2122
       Headbutt          |     8 |    15 |    75 |   251 |   557 |   192 ||  1098
       Kick              |       |     2 |       |       |       |       ||     2
       Bite              |       |       |    27 |   131 |   332 |   127 ||   617
       Broad axe         |       |       |       |       |  1264 |   836 ||  2100
Throw: Tomahawk          |       |       |    15 |     7 |    19 |       ||    41
       Javelin           |       |       |       |       |     5 |     2 ||     7
Invok: Depart the Abyss  |     1 |       |       |     1 |       |       ||     2
       Banish            |       |       |       |     6 |    29 |    21 ||    56
       Bend Space        |       |       |       |     2 |     2 |       ||     4
       Enter the Abyss   |       |       |       |     1 |       |       ||     1
Evoke: Wand              |       |       |       |       |     1 |       ||     1
  Use: Scroll            |     6 |       |    12 |    11 |    17 |    11 ||    57
       Potion            |       |     4 |     4 |     3 |     7 |    12 ||    30
 Stab: Distracted        |       |       |       |       |       |     2 ||     2
  Eat: Chunk             |     2 |     5 |    20 |    13 |    50 |    25 ||   115
       Bread ration      |       |       |     1 |     2 |     2 |     2 ||     7
       Meat ration       |       |       |       |     1 |     1 |       ||     2
       Royal jelly       |       |       |       |     2 |       |       ||     2
Armor: Chain mail        |   101 |    89 |   211 |       |       |       ||   401
       Plate armour      |       |       |       |   289 |   422 |   157 ||   868
Dodge: Dodged            |    56 |    44 |   138 |    74 |   174 |    62 ||   548
Block: Large shield      |       |       |    52 |  1161 |  2723 |   894 ||  4830
       Other             |       |       |    18 |       |       |       ||    18
